 Dungeon Crawl Stone Soup version 0.20.1-1-g8b1a95d (webtiles) character file.

346 Islandstone the Ruffian (level 6, 0/51 HPs)
             Began as a Ghoul Monk on Oct 26, 2017.
             Slain by a hound (3 damage)
             ... on level 4 of the Dungeon.
             The game lasted 00:18:38 (3257 turns).

Islandstone the Ruffian (Ghoul Monk)                Turns: 3257, Time: 00:18:39

Health: 0/51       AC:  3    Str: 17    XL:     6   Next: 59%
Magic:  5/5        EV: 12    Int:  5    God:
Gold:   217        SH:  0    Dex: 11    Spells: 5/5 levels left

rFire    . . .     SeeInvis .     - Unarmed
rCold    + . .     Gourm    .   (no shield)
rNeg     + + +     Faith    .   y - +0 robe of the Moon Troll {rN+} (curse)
rPois    ∞         Spirit   .   k - +1 hat
rElec    .         Reflect  .   (no cloak)
rCorr    .         Harm     .   (no gloves)
MR       .....                  (no boots)
Stlth    ++........             (no amulet)
Regen    0.0/turn               (no ring)
MPRegen  0.1/turn               (no ring)

@: rotting
A: rotting body, claws 1, carnivore 3, cold resistance 1, negative energy
resistance 3, inhibited regeneration, torment resistance, unbreathing
a: no special abilities


You were on level 4 of the Dungeon.
You were not hungry.

You visited 1 branch of the dungeon, and saw 5 of its levels.

You collected 217 gold pieces.

Inventory:

Missiles
 q - 29 bolts
 x - 2 tomahawks (quivered)
Armour
 k - a +1 hat (worn)
 s - a +0 robe
 y - the cursed +0 robe of the Moon Troll (worn) {rN+}
   (You found it on level 4 of the Dungeon)

   It protects you from negative energy.
   It has a curse placed upon it.
Jewellery
 a - an uncursed ring of fire {unknown}
 j - an uncursed ring of protection from cold {unknown}
 m - an uncursed ring of stealth {unknown}
 n - a +2 ring of dexterity {unknown}
 v - an uncursed ring of wizardry {unknown}
 w - an uncursed ring of protection from cold {unknown}
Scrolls
 h - 2 scrolls of identify
 i - a scroll of blinking
 l - a scroll of remove curse
 p - 2 scrolls of teleportation
 r - 2 scrolls of amnesia
 A - a scroll of enchant armour {unknown}
Potions
 c - 2 potions of curing
 e - a potion of ambrosia
 f - 2 potions of haste
 g - a potion of heal wounds {unknown}
 o - 3 potions of flight
 t - a potion of berserk rage {unknown}
 u - a potion of mutation {unknown}
Comestibles
 b - a meat ration
 d - 2 royal jellies
 z - 4 chunks of flesh


   Skills:
 - Level 3.2 Fighting
 - Level 2.6 Dodging
 - Level 2.1 Stealth
 + Level 7.9 Unarmed Combat


You had 5 spell levels left.
You didn't know any spells.

Dungeon Overview and Level Annotations

Branches:
Dungeon (5/15)
 Temple: D:4-7

Altars:
Cheibriados
Trog
Yredelemnul


Innate Abilities, Weirdness & Mutations

Your body is rotting away.
You thrive on raw meat.
You are immune to poison.
You have sharp fingernails.
You are carnivorous and can eat meat at any time.
Your flesh is cold resistant. (rC+)
You are immune to negative energy. (rN+++)
You do not regenerate when monsters are visible.
You are immune to unholy pain and torment.
You can survive without breathing.


Message History

The orc priest is almost dead.
You claw the orc!
You kill the orc!
You claw the orc priest!
You kill the orc priest!
You completely miss the orc. The hound bites you.
* * * LOW HITPOINT WARNING * * *
The orc hits you with a club.
* * * LOW HITPOINT WARNING * * *
You scratch the orc.
The orc is severely wounded.
The hound barely misses you. The hound barely misses you.
You scratch the hound.
The hound is lightly wounded.
The hound bites you but does no damage.
You scratch the hound but do no damage.
The hound is lightly wounded.
The hound bites you.
You die...

## .# ..# #.
###..## #.
#ooo..# #.##h#
##. ##..@.#
....
#.....###.....
#...#.........
#...##.#.####
#. #........#
#. #...##....#
#. #...#####.#
#.##
#...........
#..##
#.)######.###
#...


You could see a hound and 3 orcs.

Vanquished Creatures
  A scorpion (D:5)
  A bullfrog skeleton (D:4)
  4 orc priests (D:4)
  A worker ant (D:4)
  A worker ant zombie (D:3)
  3 adders
  2 oozes (D:3)
  2 dart slugs
  A leopard gecko (D:3)
  15 orcs (D:4)
  2 bat zombies (D:1)
  2 giant cockroaches (D:3)
  3 goblins
  3 hobgoblins
  4 jackals
  A quokka (D:4)
  2 ball pythons
  5 bats
  4 frilled lizards
  7 kobolds
  6 rats
  A spectral orc (D:2)
71 creatures vanquished.

Notes
Turn   | Place    | Note
-------+----------+-------------------------------------------
     0 | D:1      | Islandstone the Ghoul Monk began the quest for the Orb.
     0 | D:1      | Reached XP level 1. HP: 19/19 MP: 0/0
   289 | D:1      | Reached XP level 2. HP: 24/26 MP: 1/1
   372 | D:1      | Reached skill level 4 in Unarmed Combat
  1105 | D:2      | Found a snail-covered altar of Cheibriados.
  1184 | D:2      | Reached XP level 3. HP: 28/31 MP: 2/2
  1376 | D:2      | Found a bloodstained altar of Trog.
  1456 | D:2      | Found a basalt altar of Yredelemnul.
  1793 | D:3      | Reached skill level 5 in Unarmed Combat
  1808 | D:3      | Reached XP level 4. HP: 24/38 MP: 3/3
  2495 | D:4      | Reached skill level 6 in Unarmed Combat
  2495 | D:4      | Reached XP level 5. HP: 13/45 MP: 4/4
  2767 | D:5      | Entered Level 5 of the Dungeon
  2820 | D:4      | Reached skill level 7 in Unarmed Combat
  2827 | D:4      | Reached XP level 6. HP: 35/51 MP: 5/5
  2966 | D:4      | Got a silken robe
  2977 | D:4      | Identified the cursed +0 robe of the Moon Troll {rN+} (You found it on level 4 of the Dungeon)
  3257 | D:4      | Slain by a hound

Skill      XL: |  1  2  3  4  5 |
---------------+----------------+-----
Unarmed Combat | 4 5 6 7 |  7.9
Fighting       | |  3.2
Dodging        | |  2.6
Stealth        | |  2.1

Action                   |  1- 3 |  4- 6 || total
-------------------------+-------+-------++-------
Melee: Unarmed           |   116 |   123 ||   239
       Punch             |     1 |     2 ||     3
Throw: Tomahawk          |       |     1 ||     1
  Use: Scroll            |     6 |     3 ||     9
 Stab: Sleeping          |     8 |     5 ||    13
  Eat: Chunk             |    10 |    11 ||    21
Armor: Robe              |    31 |    14 ||    45
Dodge: Dodged            |    62 |    51 ||   113
